 Dungeon Crawl Stone Soup version 0.20.1-1-g8b1a95d (webtiles) character file.

59 Linguinho the Sneak (level 3, -4/19 HPs)
             Began as a Deep Elf Enchanter on Nov 1, 2017.
             Killed from afar by Natasha (6 damage)
             ... with a magic dart
             ... on level 2 of the Dungeon.
             The game lasted 00:04:42 (2009 turns).

Linguinho the Sneak (Deep Elf Enchanter)            Turns: 2009, Time: 00:04:43

Health: -4/19      AC:  2    Str:  5    XL:     3   Next: 78%
Magic:  3/9        EV: 13    Int: 19    God:
Gold:   122        SH:  0    Dex: 16    Spells: 5/8 levels left

rFire    . . .     SeeInvis .   a - +1 dagger
rCold    . . .     Gourm    .   (no shield)
rNeg     . . .     Faith    .   b - +0 robe
rPois    .         Spirit   .   (no helmet)
rElec    .         Reflect  .   (no cloak)
rCorr    .         Harm     .   (no gloves)
MR       .....                  (no boots)
Stlth    +++.......             (no amulet)
Regen    0.1/turn               (no ring)
MPRegen  0.2/turn               (no ring)

@: very slightly contaminated, invisible
A: no striking features
a: no special abilities


You were on level 2 of the Dungeon.
You were not hungry.

You visited 1 branch of the dungeon, and saw 2 of its levels.

You collected 122 gold pieces.

Inventory:

Hand Weapons
 a - a +1 dagger (weapon)
Armour
 b - a +0 robe (worn)
Jewellery
 k - a +2 ring of strength {unknown}
Wands
 i - a wand of acid (7/15)
Scrolls
 e - a scroll of fear {unknown}
 f - a scroll of remove curse {unknown}
 g - 3 scrolls of identify {unknown}
Potions
 l - a potion of curing {unknown}
Books
 c - a book of Maledictions

   Spells                             Type                      Level
   a - Corona                         Hexes                        1
   b - Ensorcelled Hibernation        Hexes/Ice                    2
   c - Confuse                        Hexes                        3
   d - Tukima's Dance                 Hexes                        3
   e - Dazzling Spray                 Conjuration/Hexes            3
Comestibles
 d - a bread ration
 h - 5 fruits


   Skills:
 + Level 0.1 Fighting
 + Level 1.1 Short Blades
 + Level 2.5 Dodging
 + Level 5.2 Stealth
 + Level 3.3 Spellcasting
 + Level 4.5 Hexes
 + Level 0.7 Ice Magic


You had 5 spell levels left.
You knew the following spells:

 Your Spells              Type           Power        Failure   Level  Hunger
a - Corona                Hex            ###....      2%          1    None
b - Ensorcelled Hibernat  Hex/Ice        ##....       8%          2    ##.....


Dungeon Overview and Level Annotations

Branches:
Dungeon (2/15)

Altars:
The Shining One

Annotations:
D:2 Natasha


Message History

The white imp gestures at Natasha.
Natasha completely misses you.
Natasha wildly gestures.
You feel disoriented.
Natasha mumbles some strange words.
Natasha hisses.
Natasha growls.
Natasha barely misses you.
Natasha mumbles some strange words.
Natasha barely misses you. Natasha barely misses you.
The crimson imp laughs crazily.
The crimson imp barely misses you. Natasha claws you.
* * * LOW HITPOINT WARNING * * *
The crimson imp completely misses you.
You feel yourself speed up. The crimson imp completely misses you.
The crimson imp barely misses you.
Natasha stares at you and mumbles some strange words.
The magic dart hits you!
You die...

######### #.#
#####.......# #.#
#...........###.##
#...........#.....
#5h#..............
#..#........#.....
#5.#....).).#.#..#
#..##.........#..#
#@.##...###..###..
#..##...##..##.##.
#.......#..##...##
#####.##..##..⌠..#
##.5..##..⌠.⌠..
#...###..⌠._.⌠.
##.....##..⌠.⌠..
#.......#'..⌠..#
##...##..##...##


You could see Natasha, 2 crimson imps and a white imp (wandering).

Vanquished Creatures
  Natasha (D:2)
  An ooze (D:1)
  A worm (D:2)
  A dart slug (D:1)
  A leopard gecko (D:2)
  A giant cockroach (D:1)
  2 goblins (D:1)
  A hobgoblin (D:2)
  3 bats
  2 frilled lizards
  3 kobolds
  12 rats
29 creatures vanquished.

Notes
Turn   | Place    | Note
-------+----------+-------------------------------------------
     0 | D:1      | Linguinho the Deep Elf Enchanter began the quest for the Orb.
     0 | D:1      | Reached XP level 1. HP: 10/10 MP: 6/6
   361 | D:1      | Reached skill level 4 in Stealth
   409 | D:1      | Reached XP level 2. HP: 15/15 MP: 8/8
   444 | D:1      | Learned a level 2 spell: Ensorcelled Hibernation
  1570 | D:2      | Reached XP level 3. HP: 19/19 MP: 6/9
  1665 | D:2      | Found a glowing golden altar of the Shining One.
  1767 | D:2      | Noticed Natasha
  1951 | D:2      | Killed Natasha
  1951 | D:2      | Reached skill level 5 in Stealth
  1977 | D:2      | Noticed Natasha
  2009 | D:2      | Killed from afar by Natasha

Skill      XL: |  1  2  3 |
---------------+----------+-----
Stealth        | 4 5 |  5.2
Fighting       | |  0.1
Short Blades   | |  1.1
Dodging        | |  2.5
Spellcasting   | |  3.3
Hexes          | |  4.5
Ice Magic      | |  0.7

Action                   || total
-------------------------++-------
Melee: Dagger            ||    62
 Cast: Ensorcelled Hiber ||    23
       Corona            ||     4
  Use: Potion            ||     1
 Stab: Sleeping          ||    23
  Eat: Chunk             ||     4
Armor: Robe              ||     3
Dodge: Dodged            ||    44
